 Dungeon Crawl Stone Soup version 0.31-a0-496-g6f97920a28 (webtiles) character file.

Game seed: 17674093836115325055

141607 nono the Peltast (level 17, -2/144 HPs)
             Began as a Formicid Delver on Aug 8, 2023.
             Was the Champion of the Shining One.
             Killed from afar by a manticore (16 damage)
             ... with a volley of spikes
             ... on level 3 of the Shoals.
             The game lasted 01:38:32 (28042 turns).

nono the Peltast (Formicid Delver)                 Turns: 28042, Time: 01:38:32

Health: -2/144     AC: 27    Str: 22    XL:     17   Next: 94%
Magic:  9/23       EV: 11    Int: 11    God:    the Shining One [******]
Gold:   457        SH: 26    Dex: 17    Spells: 16/16 levels left

rFire   . . .        W - +2 battleaxe (flame)
rCold   + + +        R - +0 kite shield {rC+}
rNeg    + + +        G - +1 plate armour {rC+}
rPois   +            (helmet unavailable)
rElec   +            B - +0 cloak {rPois}
rCorr   +            Q - +0 pair of gloves of Bygaej {rElec rN+ Dex+2}
SInv    +            d - +0 pair of boots
Will    +....        z - amulet of Brilliance {Faith rC+ Regen+ rCorr} Stlth
                     s - +4 ring of protection
HPRegen 1.24/turn    K - ring "Xoovaeb" {Will++ rCorr Slay+2}
MPRegen 0.18/turn

%: faith
@: divinely shielded, weak-willed, spiked, glowing, studying 2 skills
A: permanent stasis, dig shafts and tunnels, antennae 3, four strong arms,
hooves 1, low MP 1, weak 1
a: Dig, Shaft Self, Renounce Religion, Divine Shield, Cleansing Flame, Summon
Divine Warrior, Brand Weapon With Holy Wrath


You were on level 3 of the Shoals.
You worshipped the Shining One.
The Shining One was exalted by your worship.
You visited 5 branches of the dungeon, and saw 26 of its levels.
You also visited: Gauntlet and Ice Cave.

You collected 3179 gold pieces.
You spent 2722 gold pieces at shops.

Inventory:

Hand Weapons
 v - the +2 whip of Giotam {speed, *Corrode rElec rC+ Dex+6}
   (You found it on level 4 of the Dungeon)

   Dex:       It affects your dexterity (+6).
   rC:        It protects you from cold.
   rElec:     It insulates you from electricity.
   *Corrode:  It may corrode you when you take damage.
 E - a +0 broad axe of electrocution
 W - a +2 battleaxe of flaming (weapon)
Missiles
 X - 4 throwing nets
Armour
 d - a +0 pair of boots (worn)
 B - a +0 cloak of poison resistance (worn)
 D - a +0 crystal plate armour of cold resistance
 G - a +1 plate armour of cold resistance (worn)
 Q - the +0 pair of gloves of Bygaej (worn) {rElec rN+ Dex+2}
   (You found it in an ice cave)

   Dex:       It affects your dexterity (+2).
   rElec:     It insulates you from electricity.
   rN:        It protects you from negative energy.
 R - a +0 kite shield of cold resistance (worn)
 S - the +1 pair of gloves of Jewkakip {rPois}
   (You found it in a Gauntlet)

   rPois:     It protects you from poison.
 Y - the scarf "Mudy" {repulsion, rN+ Stlth+}
   (You bought it in a shop on level 2 of the Orcish Mines)

   rN:        It protects you from negative energy.
   Stlth:     It makes you more stealthy.
Jewellery
 m - a ring of ice
 p - an amulet of regeneration
 s - a +4 ring of protection (left hand)
 z - the amulet of Brilliance (around neck) {Faith rC+ Regen+ rCorr}
   (You acquired it on level 9 of the Dungeon)

   [amulet of faith]

   It allows you to gain divine favour quickly.
   rC:        It protects you from cold.
   Regen:     It increases your rate of health regeneration.
   rCorr:     It protects you from acid and corrosion.
 F - a ring of resist corrosion
 H - a +6 ring of strength
 K - the ring "Xoovaeb" (right hand) {Will++ rCorr Slay+2}
   (You found it on level 12 of the Dungeon)

   [ring of resist corrosion]

   Slay:      It affects your accuracy & damage with ranged weapons and melee
   (+2).
   rCorr:     It protects you from acid and corrosion.
   Will:      It greatly increases your willpower.
Wands
 f - a wand of digging (9)
 h - a wand of mindburst (40)
 j - a wand of flame (29)
Scrolls
 c - 5 scrolls of fog
 e - 6 scrolls of fear
 k - 2 scrolls of revelation
 n - a scroll of poison
 o - 6 scrolls of vulnerability
 r - 8 scrolls of amnesia
 t - 4 scrolls of enchant armour
 u - 4 scrolls of summoning
 y - 12 scrolls of teleportation
 A - 2 scrolls of silence
 J - a scroll of brand weapon
 M - 2 scrolls of immolation
 N - 3 scrolls of blinking
 O - 3 scrolls of enchant weapon
 Z - 4 scrolls of identify
Potions
 a - a potion of mutation
 b - 2 potions of might
 g - 2 potions of curing
 l - 4 potions of enlightenment
 q - a potion of cancellation
 w - 5 potions of brilliance
 x - 6 potions of attraction
 I - 8 potions of haste
 L - 2 potions of ambrosia
 T - 3 potions of resistance
 U - 2 potions of berserk rage
 V - 2 potions of magic


   Skills:
 - Level 16.0 Fighting
 - Level 14.6 Axes
 - Level 15.6 Armour
 + Level 8.4 Dodging
 - Level 6.0 Stealth
 - Level 20.3 Shields
 - Level 12.0 Invocations


You had 16 spell levels left.
You didn't know any spells.
Your spell library contained the following spells:

 Spells                   Type           Power      Damage    Failure   Level
 Foxfire                  Conj/Fire      0%         2x1d4     99%         1
 Freeze                   Ice            0%         1d3       99%         1
 Magic Dart               Conj           0%         1d3       99%         1
 Necrotise                Necr           0%         1d4       99%         1
 Ensorcelled Hibernation  Hex/Ice        0%         N/A       99%         2
 Passwall                 Tmut/Erth      0%         N/A       99%         2
 Searing Ray              Conj           0%         2d4       99%         2
 Call Canine Familiar     Summ           0%         N/A       100%        3
 Frozen Ramparts          Ice            0%         1d1       100%        3
 Hailstorm                Conj/Ice       0%         3d3       100%        3
 Inner Flame              Hex/Fire       0%         N/A       100%        3
 Ozocubu's Armour         Ice            0%         N/A       100%        3
 Portal Projectile        Hex/Tloc       0%         N/A       100%        3
 Cause Fear               Hex            0%         N/A       100%        4
 Fulminant Prism          Conj/Hex       0%         3d5       100%        4
 Leda's Liquefaction      Hex/Erth       0%         N/A       100%        4
 Manifold Assault         Tloc           0%         N/A       100%        4
 Olgreb's Toxic Radiance  Pois           0%         N/A       100%        4
 Passage of Golubria      Tloc           0%         N/A       100%        4
 Petrify                  Tmut/Erth      0%         N/A       100%        4
 Alistair's Intoxication  Tmut/Pois      0%         N/A       100%        5
 Arcjolt                  Conj/Air       0%         1d10      100%        5
 Borgnjor's Vile Clutch   Necr/Erth      0%         N/A       100%        5
 Fireball                 Conj/Fire      0%         3d3       100%        5
 Iskenderun's Battlesphe  Conj           0%         2d6       100%        5
 Metabolic Englaciation   Hex/Ice        0%         N/A       100%        5
 Silence                  Hex/Air        0%         N/A       100%        5
 Yara's Violent Unravell  Hex/Tmut       0%         3d3       100%        5
 Eringya's Noxious Bog    Tmut/Pois      0%         4d6       100%        6
 Leda's Unmaking          Conj/Erth      0%         9d1       100%        6
 Plasma Beam              Fire/Air       0%         2x1d10    100%        6
 Starburst                Conj/Fire      0%         6d3       100%        6
 Enfeeble                 Hex            0%         N/A       100%        7
 Ozocubu's Refrigeration  Ice            0%         4d7       100%        7
 Spellforged Servitor     Conj/Summ      0%         N/A       100%        7
 Discord                  Hex            0%         N/A       100%        8
 Ignition                 Fire           0%         3d3       100%        8
 Lehudib's Crystal Spear  Conj/Erth      0%         10d2      100%        8
 Maxwell's Capacitive Co  Air            0%         ∞         100%        8
 Dragon's Call            Summ           0%         N/A       100%        9
 Blink                    Tloc           Unusable   N/A       N/A         2
 Swiftness                Air            Unusable   N/A       N/A         3
 Vhi's Electric Charge    Tloc/Air       Unusable   N/A       N/A         3

Dungeon Overview and Level Annotations

Branches:
Dungeon (15/15)            Temple (1/1) D:6            Lair (5/5) D:11
 Shoals (3/4) Lair:3       Spider (0/4) Lair:3        Slime (0/5) Lair:5
    Orc (2/2) D:10            Elf (0/3) Orc:2        Vaults (0/5) D:14
 Depths (0/4) D:15          IceCv (visited)         Gauntlet (visited)

Altars:
Ashenzari
Cheibriados
Dithmenos
Elyvilon
Fedhas
Gozag
Hepliaklqana
Kikubaaqudgha
Makhleb
Nemelex Xobeh
Okawaru
Qazlal
Ru
Sif Muna
Trog
Uskayaw
Vehumet
Wu Jian
Xom
Yredelemnul
Zin
The Shining One
Jiyva
Lugonu

Shops:
D:3 [   D:5 [   D:11 [   Orc:2 [*(*=   Shoals:2 *

Portals:
Abyss: Lair:1

Annotations:
D:4 1 runed translucent door
D:9 4 transporters
Lair:2 exclusion: oklob plant
Lair:4 exclusion: oklob plant


Innate Abilities, Weirdness & Mutations

You cannot be hasted, slowed, berserked, paralysed or teleported.
You can dig through walls and to a lower floor.
You have a pair of large antennae on your head. (SInv)
Your four strong arms can wield two-handed weapons with a shield.
You have large cloven feet.
Your magical capacity is low. (-10% MP)
You are weak. (Str -2)


Message History

Your daeva hits the merfolk with a +5 eudemon blade of holy wrath!
The merfolk blocks your daeva's attack. The merfolk closely misses your daeva.
The manticore flicks its tail.
The volley of spikes hits your daeva!
The barbed spikes dig painfully into your body as you move.
* * * LOW HITPOINT WARNING * * *
The merfolk throws a boomerang.
You block the boomerang.
The faun shoots a sling bullet.
You block the sling bullet. The faun casts a spell at you.
Your willpower is stripped away!
Your daeva dies!
Your daeva dissolves into sparkling lights!
The merfolk shouts!
The barbed spikes dig painfully into your body as you move.
* * * LOW HITPOINT WARNING * * *
The faun unwields a +0 quarterstaff.
The faun wields a +0 sling.
The faun shoots a sling bullet.
You block the sling bullet.
The faun shoots a sling bullet.
The sling bullet hits you.
* * * LOW HITPOINT WARNING * * *
The faun shoots a sling bullet.
The sling bullet hits you but does no damage.
The barbed spikes dig painfully into your body as you move.
* * * LOW HITPOINT WARNING * * *
The barbed spikes dig painfully into your body as you move.
* * * LOW HITPOINT WARNING * * *
The barbed spikes dig painfully into your body as you move.
* * * LOW HITPOINT WARNING * * *
The faun shoots a sling bullet.
You block the sling bullet.
The barbed spikes dig painfully into your body as you move.
* * * LOW HITPOINT WARNING * * *
The faun shoots a sling bullet.
You block the sling bullet.
The barbed spikes dig painfully into your body as you move.
* * * LOW HITPOINT WARNING * * *
You feel better.
The barbed spikes dig painfully into your body as you move.
* * * LOW HITPOINT WARNING * * *
The manticore flicks its tail.
The volley of spikes hits you!
The barbed spikes become lodged in your body.
You die...

...~~~~~~~~~~.## #.....~~~≈≈≈≈≈
....~~~~~~~~~..# ##....~~~~~≈≈≈
....~~~~~~~~...# #...~...~~~~~≈
~..~~~~~~~~)...## #..~~......~~≈
...H:...~~~~....#####..~.....>.~≈
.........H....m..##..#....###).~≈
..##m.c~.{{#..............###..~≈
~.##..{..{{#...#....~~~~..##...~≈
~~...m~{mc{{{.##@...~~~~~.)...~~≈
~~~.~~~~~...H....##.~~~~.<†..~~~≈
~~..~~~~~~~~~)...##..~~~†###...~≈
~~~~~~~~~~~†)..~.....~~~># ##...~
~~~~~~...~......~~..~~~~.## ##..~
~~.~~~.#.~~~~~~~~~~~~~~~..# ##.~
~~~.~~~.~~~~~~~~~~~~~~~~..## ##.~
~~~~~~~~~~~~~~~~~~~~~≈≈~~..# #..~
~~~~~~~~~~~~≈≈≈≈≈≈≈≈≈††.# #.~~


You could see a merfolk and a manticore.

Vanquished Creatures
  2 krakens
  Frances (D:14)
  A formless jellyfish (Shoals:3)
  An orc warlord (Orc:2)
  A minotaur (Gauntlet)
  Azrael (D:15)
  An ettin (Orc:1)
  A merfolk javelineer (Shoals:2)
  8 vault guards (D:14)
  6 catoblepae
  An ice dragon (IceCv)
  3 hydras
  Harold (Orc:1)
  A merfolk avatar (Shoals:2)
  3 boulder beetles
  5 centaur warriors
  A satyr (Shoals:2)
  3 tengu warriors
  5 two-headed ogres
  An alligator (Lair:2)
  14 death yaks
  2 orc high priests (Orc:2)
  Urug (Orc:1)
  A wretched star (Gauntlet)
  A fire crab (shapeshifter) (D:15)
  A fire crab (Lair:2)
  10 skysharks
  5 sea snakes (Shoals:1)
  A glowing orange brain (D:15)
  4 orc knights (Orc:2)
  3 deep elf pyromancers
  4 harpies
  2 orc sorcerers (Orc:2)
  6 fauns
  5 cyclopes
  5 ugly things (D:15)
  An oklob plant (Shoals:1)
  11 elephants
  16 manticores
  3 merfolk sirens
  Maurice (D:10)
  Joseph (D:7)
  A torpor snail (Lair:5)
  A black mamba (shapeshifter) (D:15)
  A molten gargoyle (Gauntlet)
  2 water nymphs (Shoals:3)
  8 black mambas
  2 ice statues (IceCv)
  Maggie (D:6)
  2 unseen horrors
  A minotaur zombie (Gauntlet)
  Psyche (D:10)
  6 cane toads
  2 gargoyles (Gauntlet)
  6 rime drakes
  5 kobold demonologists
  2 tengu conjurers (D:15)
  8 komodo dragons
  A yaktaur (shapeshifter) (D:13)
  An efreet (D:15)
  11 merfolk
  4 wind drakes
  4 polar bears
  8 trolls
  A hornet (Lair:2)
  A queen bee (Gauntlet)
  16 dream sheep (Lair:5)
  A dream sheep (shapeshifter) (D:8)
  17 blink frogs
  A small abomination (Gauntlet)
  14 slime creatures
  7 snapping turtles
  Sigmund (D:3)
  4 shadows
  2 water elementals (Shoals:2)
  9 wyverns
  78 yaks
  A yak (shapeshifter) (D:13)
  2 culicivoras (Lair:3)
  5 basilisks
  A golden eye (shapeshifter) (D:15)
  5 wraiths
  3 fire elementals (D:15)
  A steam dragon (D:8)
  A neqoxec (Gauntlet)
  11 wargs
  Menkaure (D:4)
  4 acid dragons
  20 water moccasins
  Edmund (D:6)
  4 hell hounds (D:15)
  37 orc warriors
  An ice beast (shapeshifter) (D:15)
  8 black bears
  An ice beast (D:6)
  15 wolves
  11 centaurs
  2 ogres (Orc:1)
  10 kobold brigands
  13 bullfrogs
  3 scorpions
  2 gnoll sergeants
  14 wights
  4 lindwurm simulacra (IceCv)
  6 howler monkeys
  35 killer bees
  4 electric eels
  2 jellies
  10 komodo dragon simulacra (IceCv)
  4 hounds
  11 orc priests
  3 gnoll boudas
  A sleepcap (D:6)
  Natasha (thrice) (D:4)
  25 orc wizards
  A hell rat (Lair:2)
  Robin (D:4)
  12 gnolls
  4 acid dragon simulacra (IceCv)
  7 adders
  A shadow imp (D:5)
  A white imp (D:6)
  3 steam dragon simulacra (IceCv)
  A worm (D:2)
  3 dart slugs
  72 orcs
  9 endoplasms
  A giant cockroach (D:1)
  10 goblins
  5 hobgoblins
  13 kobolds
  7 ball pythons
  5 bats
  4 frilled lizards
  A goblin zombie (D:4)
  A jackal zombie (D:4)
  2 rats
  5 tentacles
829 creatures vanquished.

Vanquished Creatures (collateral kills)
  A merfolk impaler (Shoals:1)
  An alligator snapping turtle (Shoals:3)
  A centaur warrior (D:14)
  A skyshark (Shoals:3)
  A harpy (Shoals:1)
  A cyclops (D:14)
  A water nymph (shapeshifter) (D:14)
  A komodo dragon (shapeshifter) (D:14)
  A wind drake (Shoals:1)
  A centaur simulacrum (D:14)
  2 slime creatures (D:14)
  A hell hound (D:15)
  2 centaurs (D:14)
15 creatures vanquished.

Vanquished Creatures (others)
  An orc wizard (D:7)
  2 lurking horrors (Lair:1)
  12 tentacles
15 creatures vanquished.

Grand Total: 859 creatures vanquished

Notes
Turn   | Place    | Note
-------+----------+-------------------------------------------
     0 | D:5      | nono the Formicid Delver began the quest for the Orb.
     0 | D:5      | Reached XP level 1. HP: 18/18 MP: 1/1
     5 | D:5      | Noticed a hound
    98 | D:4      | Found a runed translucent door.
    98 | D:4      | Noticed a human
   587 | D:2      | Reached skill level 1 in Shields
   587 | D:2      | Reached XP level 2. HP: 24/24 MP: 2/2
   663 | D:2      | Found a glowing silver altar of Zin.
   763 | D:2      | Reached skill level 1 in Armour
   855 | D:1      | Reached XP level 3. HP: 29/29 MP: 3/3
  1453 | D:2      | Reached skill level 2 in Shields
  1453 | D:2      | Reached XP level 4. HP: 34/37 MP: 4/4
  2381 | D:3      | Found Fezoklov's Antique Armour Shop.
  2428 | D:3      | Reached XP level 5. HP: 33/42 MP: 5/5
  2510 | D:3      | Noticed Sigmund
  2977 | D:3      | Killed Sigmund
  2978 | D:3      | Reached skill level 3 in Shields
  2978 | D:3      | Reached XP level 6. HP: 34/49 MP: 6/6
  3147 | D:4      | Noticed Robin
  3149 | D:4      | Noticed Natasha
  3346 | D:4      | Killed Natasha
  3353 | D:4      | Killed Robin
  3364 | D:4      | Identified the +2 whip of Giotam {speed, *Corrode rElec rC+
                  | Dex+6}
  3479 | D:4      | Noticed Menkaure
  3489 | D:4      | Killed Menkaure
  3490 | D:4      | Reached skill level 5 in Fighting
  3490 | D:4      | Reached skill level 4 in Shields
  3490 | D:4      | Reached XP level 7. HP: 56/56 MP: 7/7
  3533 | D:4      | Noticed Natasha
  3569 | D:4      | Found a basalt altar of Yredelemnul.
  3582 | D:4      | Killed Natasha
  3682 | D:4      | Noticed Natasha
  3705 | D:4      | Killed Natasha
  3773 | D:5      | Found Otikkuyt's Armour Boutique.
  3818 | D:5      | Found a burning altar of Makhleb.
  4565 | D:6      | Reached skill level 5 in Shields
  4565 | D:6      | Reached XP level 8. HP: 63/63 MP: 8/8
  4631 | D:6      | Gained mutation: You are partially covered in iridescent
                  | scales. (AC +2) [potion of mutation]
  4631 | D:6      | Gained mutation: You are covered in fur. (AC +1) [potion of
                  | mutation]
  4670 | D:6      | Reached skill level 5 in Axes
  4847 | D:6      | Reached skill level 6 in Shields
  4852 | D:6      | Found a bloodstained altar of Trog.
  4866 | D:6      | Reached skill level 5 in Armour
  4957 | D:6      | Found a hazy altar of Hepliaklqana.
  5035 | D:6      | Noticed Maggie
  5057 | D:6      | Killed Maggie
  5058 | D:6      | Reached XP level 9. HP: 12/71 MP: 9/9
  5254 | D:6      | Noticed an unseen horror
  5275 | D:6      | Killed an unseen horror
  5276 | D:6      | Reached skill level 7 in Shields
  5380 | D:3      | Bought a sapphire-encrusted chain mail for 190 gold pieces
  5380 | D:3      | Identified the +1 chain mail of Birdsong {Str+2} (You
                  | bought it in a shop on level 3 of the Dungeon)
  5461 | D:6      | Found a staircase to the Ecumenical Temple.
  5472 | Temple   | Entered the Ecumenical Temple
  5520 | Temple   | Became a worshipper of the Shining One
  5684 | D:6      | Noticed Edmund
  5690 | D:6      | Killed Edmund
  5701 | D:6      | Reached skill level 1 in Invocations
  6396 | D:7      | Found the +8 demon trident "Rift" {distort, reach+}
  6421 | D:7      | Noticed Joseph
  6522 | D:7      | Got Kouriruf's Spellcraft, Part One
  6574 | D:7      | Reached skill level 8 in Shields
  6771 | D:7      | Reached XP level 10. HP: 43/80 MP: 12/12
  7334 | D:7      | Killed Joseph
  7764 | D:8      | Noticed a two-headed ogre
  8005 | D:8      | Reached * piety under the Shining One
  8102 | D:8      | Reached skill level 9 in Shields
  8514 | D:8      | Killed a two-headed ogre
  8704 | D:8      | Reached skill level 5 in Invocations
  9052 | D:8      | Reached XP level 11. HP: 14/87 MP: 11/15
  9069 | D:8      | Noticed a deep troll
  9333 | D:8      | Noticed a centaur warrior
  9342 | D:8      | Killed a centaur warrior
  9510 | D:8      | Reached skill level 10 in Shields
  9513 | D:8      | Noticed a centaur warrior
  9534 | D:8      | Killed a centaur warrior
  9821 | D:9      | Found a transporter.
  9830 | D:9      | Found a transporter.
  9852 | D:9      | Found a transporter.
 10032 | D:3      | Bought a glowing cloak for 150 gold pieces
 10296 | D:9      | Identified a scroll of acquirement
 10297 | D:9      | Acquired the amulet of Brilliance {Faith rC+ Regen+ rCorr}
 10475 | D:9      | Reached ** piety under the Shining One
 10880 | D:9      | Found a transporter.
 11075 | D:10     | Entered Level 10 of the Dungeon
 11124 | D:10     | Noticed a two-headed ogre
 11146 | D:10     | Killed a two-headed ogre
 11179 | D:10     | Noticed a harpy
 11265 | D:10     | Noticed a cyclops
 11280 | D:10     | Killed a cyclops
 11432 | D:10     | Found a broken altar of Ashenzari.
 11453 | D:10     | Noticed Maurice
 11480 | D:10     | Reached skill level 11 in Shields
 11493 | D:10     | Killed Maurice
 11494 | D:10     | Reached skill level 10 in Fighting
 11494 | D:10     | Reached XP level 12. HP: 97/97 MP: 17/17
 11664 | D:10     | Found a staircase to the Orcish Mines.
 11736 | D:10     | Found a glowing silver altar of Zin.
 12221 | D:11     | Gained mutation: You have hidden genetic defects. [a
                  | neqoxec]
 12397 | D:11     | Noticed Psyche
 12420 | D:10     | Killed Psyche
 12421 | D:10     | Reached skill level 10 in Armour
 12492 | D:11     | Reached skill level 12 in Shields
 12513 | D:11     | Gained mutation: You occasionally lose the ability to drink
                  | potions when taking damage. [hidden defects]
 12556 | D:11     | Identified the +5 sling of Lepliug {flame, rF- Str+6}
 12562 | D:11     | Found Korchemo's Armour Emporium.
 12631 | D:11     | Found a staircase to the Lair.
 12988 | D:12     | Noticed a two-headed ogre
 12988 | D:12     | Reached *** piety under the Shining One
 13000 | D:12     | Killed a two-headed ogre
 13087 | D:12     | Identified the ring "Xoovaeb" {Will++ rCorr Slay+2}
 13105 | D:12     | Lost mutation: You have hidden genetic defects. [potion of
                  | mutation]
 13105 | D:12     | Lost mutation: You are partially covered in iridescent
                  | scales. (AC +2) [potion of mutation]
 13105 | D:12     | Gained mutation: You have sharp toenails. [potion of
                  | mutation]
 13146 | D:12     | Identified the +1 robe of Vampiric Thralls {Fly Int+4
                  | Stlth+}
 13161 | D:12     | Reached skill level 10 in Axes
 13165 | D:12     | Noticed a two-headed ogre
 13181 | D:12     | Killed a two-headed ogre
 13271 | D:12     | Identified the +4 leather armour of the New World {Str+3}
 13399 | D:12     | Reached XP level 13. HP: 106/106 MP: 18/18
 13983 | Lair:1   | Entered Level 1 of the Lair of Beasts
 14088 | Lair:1   | Reached skill level 13 in Shields
 14242 | Lair:1   | Found a corrupted altar of Lugonu.
 14539 | Lair:1   | Found a one-way gate to the infinite horrors of the Abyss.
 14811 | Lair:2   | Reached skill level 5 in Dodging
 14898 | Lair:2   | Noticed a catoblepas
 14959 | Lair:1   | Killed a catoblepas
 15427 | Lair:2   | Found a blossoming altar of Fedhas.
 15534 | Lair:2   | Reached **** piety under the Shining One
 15844 | Lair:2   | Reached XP level 14. HP: 90/105 MP: 17/20
 16541 | Lair:3   | Found a staircase to the Shoals.
 16848 | Lair:3   | Reached skill level 14 in Shields
 17085 | Lair:3   | Lost mutation: You have sharp toenails. [potion of
                  | mutation]
 17085 | Lair:3   | Lost mutation: You are covered in fur. (AC +1) [potion of
                  | mutation]
 17085 | Lair:3   | Lost mutation: You occasionally lose the ability to drink
                  | potions when taking damage. [potion of mutation]
 17085 | Lair:3   | Gained mutation: You have hidden genetic defects. [potion
                  | of mutation]
 17085 | Lair:3   | Gained mutation: You have large cloven feet. [potion of
                  | mutation]
 17201 | Lair:3   | Found a hole to the Spider Nest.
 17396 | Lair:4   | Gained mutation: You are weak. (Str -2) [hidden defects]
 17411 | Lair:4   | Found an ornate altar of the Wu Jian Council.
 17490 | Lair:4   | Found a frozen archway.
 17496 | IceCv    | Entered an ice cave
 17614 | IceCv    | Reached ***** piety under the Shining One
 17645 | IceCv    | Identified the +0 pair of gloves of Bygaej {rElec rN+
                  | Dex+2}
 18071 | Lair:4   | Gained mutation: Your magical capacity is low. (-10% MP)
                  | [hidden defects]
 18071 | Lair:4   | Lost mutation: You have hidden genetic defects. [hidden
                  | defects expressed]
 18204 | Lair:4   | Reached skill level 10 in Invocations
 18369 | Lair:4   | Reached skill level 15 in Shields
 18369 | Lair:4   | Reached XP level 15. HP: 56/124 MP: 17/20
 18824 | Lair:5   | Entered Level 5 of the Lair of Beasts
 19331 | Lair:5   | Reached ****** piety under the Shining One
 19702 | Lair:5   | Found a staircase to the Slime Pits.
 19704 | Lair:5   | Found a viscous altar of Jiyva.
 20105 | Orc:1    | Entered Level 1 of the Orcish Mines
 20210 | Orc:1    | Reached skill level 16 in Shields
 20238 | Orc:1    | Noticed Harold
 20249 | Orc:1    | Killed Harold
 20414 | Orc:1    | Noticed Urug
 20424 | Orc:1    | Killed Urug
 20813 | Orc:2    | Entered Level 2 of the Orcish Mines
 20825 | Orc:2    | Found Niprux's Assorted Antiques.
 20834 | Orc:2    | Bought a scroll of acquirement for 1612 gold pieces
 20834 | Orc:2    | Acquired a manual of Shields
 20873 | Orc:2    | Found Inuer's Antique Armour Shoppe.
 20909 | Orc:2    | Bought an ancient scarf for 370 gold pieces
 20909 | Orc:2    | Identified the scarf "Mudy" {repulsion, rN+ Stlth+} (You
                  | bought it in a shop on level 2 of the Orcish Mines)
 20961 | Orc:2    | Reached XP level 16. HP: 114/133 MP: 22/22
 21148 | Orc:2    | Found a staircase to the Elven Halls.
 21185 | Orc:2    | Found Geipsad's Antique Weapon Emporium.
 21265 | Orc:2    | Found a gate leading to a gauntlet.
 21275 | Gauntlet | Entered a Gauntlet
 21275 | Gauntlet | Found a transporter.
 21275 | Gauntlet | Found a transporter.
 21279 | Gauntlet | Found a transporter.
 21279 | Gauntlet | Found a transporter.
 21300 | Gauntlet | Found a transporter.
 21348 | Gauntlet | Found a transporter.
 21368 | Gauntlet | Found a transporter.
 21384 | Gauntlet | Found a transporter.
 21406 | Gauntlet | Found a transporter.
 21482 | Gauntlet | Found a transporter.
 21501 | Gauntlet | Found a transporter.
 21522 | Gauntlet | Found a transporter.
 21537 | Gauntlet | Found a transporter.
 21558 | Gauntlet | Found a transporter.
 21691 | Gauntlet | Found a transporter.
 21691 | Gauntlet | Found a transporter.
 21993 | Gauntlet | Identified the +1 pair of gloves of Jewkakip {rPois}
 22306 | Orc:2    | Found Biro's General Store.
 22548 | Orc:2    | Reached skill level 17 in Shields
 22554 | Orc:2    | Bought a potion of curing for 48 gold pieces
 22650 | Orc:2    | Found Nucliaw's Jewellery Shoppe.
 22728 | Orc:2    | Bought a scroll of enchant armour for 232 gold pieces
 23312 | D:13     | Identified the +4 great sword of Execution {elec, rPois rC+
                  | Stlth-}
 23779 | D:14     | Noticed Frances
 23793 | D:14     | Killed Frances
 24203 | D:15     | Entered Level 15 of the Dungeon
 24212 | D:15     | Reached skill level 18 in Shields
 24333 | D:15     | Reached skill level 15 in Fighting
 24409 | D:14     | Found a gate to the Vaults.
 24658 | D:15     | Reached XP level 17. HP: 142/142 MP: 23/23
 24762 | D:15     | Noticed Azrael
 24790 | D:15     | HP: 1/130 [Azrael/fireball (15)]
 24796 | D:15     | Killed Azrael
 25382 | D:15     | Reached skill level 15 in Armour
 25382 | D:15     | Reached skill level 19 in Shields
 25407 | D:15     | Found a staircase to the Depths.
 25723 | Shoals:1 | Entered Level 1 of the Shoals
 25879 | Shoals:1 | Found a shimmering altar of Xom.
 26307 | Shoals:1 | Noticed a kraken
 26334 | Shoals:1 | Killed a kraken
 26839 | Shoals:2 | Reached skill level 20 in Shields
 27423 | Shoals:2 | Acquired a manual of Dodging
 27624 | Shoals:2 | Found Uhuetenk's General Store.
 27626 | Shoals:2 | Bought a potion of resistance for 120 gold pieces
 27870 | Shoals:3 | Noticed a kraken
 27885 | Shoals:3 | Killed a kraken
 28018 | Shoals:3 | Identified the +2 tower shield of Fashionability {Int+4}
 28042 | Shoals:3 | Killed from afar by a manticore

Illustrated notes

Levels and vault maps discovered:
D:1:      dpeg_arrival_concentric_ovals, layout_basic
D:2:      layout_basic, basic_altar
D:3:      layout_rooms, serial_co_window_serial, co_window_of_opportunity_a,
          co_window_paths_a, co_window_corner_a, co_window_paths_a,
          co_window_paths_b, co_window_paths_b, co_window_2corner,
          co_window_2corner, co_window_of_opportunity_b, co_window_paths_c,
          co_window_of_opportunity_c, co_window_of_opportunity_c, co_window_sun,
          glass_columns_b, glass_columns_c, glass_columns_c, glass_columns_b,
          serial_shops, shop, chequers_serial_rivers_room_b,
          grunt_ministairs_12, uniq_sigmund
D:4:      layout_loops_ring, dk_yredelemnul_ordeal, uniq_robin, uniq_natasha,
          uniq_menkaure
D:5:      layout_cave_pools, mainiacjoe_overflow_tiny_flanked, serial_shops,
          shop
D:6:      minmay_evil_eye, layout_rooms, nicolae_overflow_squiral,
          minmay_temple_entry_offerings, serial_co_window_serial,
          co_window_paths_b, co_window_of_opportunity_a, co_window_corner_a,
          co_window_paths_a, co_window_paths_b, co_window_corner_a,
          co_window_corner_a, co_window_corner_b, co_window_unsneaky_path_e,
          co_window_corner_b, co_window_corner_b, co_window_unsneaky_path_e,
          glass_columns_c, glass_columns_b, uniq_edmund, uniq_maggie
D:7:      layout_rooms, uniq_joseph
D:8:      layout_rooms, serial_corexii_hall, corexii_hall_statues_x,
          corexii_hall_statues_x, chequers_hall_statues_corner_a,
          supply_closet_lemuel, nzn_random_ring
D:9:      layout_roguey, nicolae_transporter_intersection
D:10:     layout_irregular_city, mainiacjoe_overflow_catwalk,
          old_standard_altar, david_orc_1_choice, wad_dig_loot, uniq_maurice
D:11:     layout_cave_pools, due_lair_maze_entry_diamond, serial_shops,
          nicolae_take_the_stairs, uniq_psyche
D:12:     layout_loops_ring, serial_glass, glass_columns_c, glass_columns_a
D:13:     layout_grid_maze
D:14:     layout_cross, erik_vaults_2, hangedman_decor_opposing, uniq_frances
D:15:     gammafunk_enter_depths_forms, layout_loops_ring, serial_bayou_shore_b,
          uniq_azrael
Temple:   nicolae_temple_x_marks_the_god
Lair:1:   layout_loops_ring, cheibrodos_lair_caveside_slide,
          amcnicky_altar_lugonu_corruption
Lair:2:   minmay_lair_oklob_chamber, layout_misc_corridors, basic_altar,
          nicolae_quartered_pool_medium, nicolae_lair_lakeside_cave
Lair:3:   layout_loops_ring, minmay_shoals_entry_beasts,
          hellmonk_spider_entry_life_and_decay
Lair:4:   layout_loops_ring, basic_altar, portal_ice_cave_entry_pillars_1,
          minivault_11, st_stairs_9, lemuel_fruit_fields
Lair:5:   evilmike_catoblepas_cave, layout_hall_layers, slime_entry_1,
          grunt_forest_small_clearings, minmay_hedge_maze,
          dreamdust_gnoll_shepherd
Shoals:1: layout_shoals, lemuel_oklob_altar
Shoals:2: layout_shoals, nicolae_shoals_c_island
Shoals:3: layout_shoals
Orc:1:    layout_diamond_mine, uniq_harold, uniq_urug
Orc:2:    grunt_orc_gardens, layout_diamond_mine, grunt_orc_garden,
          grunt_orc_garden, grunt_orc_garden, grunt_orc_garden, serial_shops,
          nicolae_shop_overgrown_old_shop, gauntlet_entry_generic,
          nooodl_orcs_dogs

Skill      XL: |  1  2  3  4  5  6  7  8  9 10 11 12 13 14 15 16 17 |
---------------+----------------------------------------------------+-----
Shields        | 1 2 3 4 5 6 8 9 11 12 13 15 16 18 20 | 20.3
Armour         | 1 2 3 4 5 6 8 9 10 11 12 13 14 15 | 15.6
Fighting       | 4 5 6 7 8 10 11 12 13 14 15 16 | 16.0
Axes           | 3 4 5 6 7 8 10 11 12 13 14 | 14.6
Invocations    | 3 5 7 8 10 11 12 | 12.0
Dodging        | 5 8 |  8.4
Stealth        | |  6.0

Action                     |  1- 3 |  4- 6 |  7- 9 | 10-12 | 13-15 | 16-18 || total
---------------------------+-------+-------+-------+-------+-------+-------++-------
  Melee: Hand axe          |    77 |    71 |       |       |       |       ||   148
         War axe           |       |    40 |   132 |   544 |   503 |       ||  1219
         Dagger            |       |     3 |   151 |   201 |       |       ||   355
         Whip              |       |       |    22 |       |    37 |       ||    59
         Broad axe         |       |       |       |       |   499 |       ||   499
         Battleaxe         |       |       |       |       |   163 |   786 ||   949
 Invoke: Divine Shield     |       |       |       |     5 |    14 |    12 ||    31
         Summon Divine War |       |       |       |       |       |     5 ||     5
         Cleansing Flame   |       |       |       |       |       |     3 ||     3
Ability: Dig               |       |       |       |       |     4 |     4 ||     8
  Evoke: Wand              |       |     6 |       |    23 |       |     2 ||    31
    Use: Scroll            |     1 |       |     1 |    13 |     6 |     6 ||    27
         Potion            |       |       |     5 |     2 |     1 |     6 ||    14
   Stab: Sleeping          |     8 |     4 |     5 |       |       |       ||    17
         Invisible         |       |       |     3 |       |       |       ||     3
 Armour: Ring mail         |    27 |    39 |    74 |       |       |       ||   140
         Chain mail        |       |       |    78 |   311 |       |       ||   389
         Skin              |       |       |       |    10 |       |       ||    10
         Plate armour      |       |       |       |   196 |   646 |   492 ||  1334
  Dodge: Dodged            |    29 |    74 |   169 |   281 |   319 |   264 ||  1136
  Block: Buckler           |    10 |    25 |   100 |    49 |       |       ||   184
         Kite shield       |       |       |       |   552 |   991 |   817 ||  2360

Table legend: (Time is in decaauts)
 A = Elapsed time spent in this place.
 B = Non-inter-level travel time spent in this place.
 C = Inter-level travel time spent in this place.
 D = Time resting spent in this place.
 E = Time spent auto-exploring this place.
 F = Levels seen in this place.
 G = Mean time per level.
                   A        B        C        D        E       F      G
               +--------+--------+--------+--------+--------+-----+--------+
         Total |  28495 |  26558 |   1937 |   3052 |  13707 |  28 | 1017.7 |
       Dungeon |  17115 |  15747 |   1368 |   2039 |   8642 |  15 | 1141.0 |
        Temple |     61 |     61 |      0 |      0 |      0 |   1 |   61.0 |
          Lair |   5755 |   5383 |    372 |    534 |   3044 |   5 | 1151.0 |
        Shoals |   2397 |   2308 |     89 |    393 |    932 |   3 |  799.0 |
  Orcish Mines |   1660 |   1554 |    106 |      0 |    924 |   2 |  830.0 |
      Ice Cave |    532 |    532 |      0 |     22 |    124 |   1 |  532.0 |
      Gauntlet |    973 |    973 |      0 |     64 |     40 |   1 |  973.0 |
               +--------+--------+--------+--------+--------+-----+--------+

Top non-repeatable levels by time:
     D:8: 2067 daAuts
     D:6: 1923 daAuts
  Lair:2: 1640 daAuts
     D:3: 1634 daAuts
    D:10: 1428 daAuts
Shoals:1: 1276 daAuts
     D:7: 1150 daAuts
    D:15: 1146 daAuts
  Lair:5: 1107 daAuts
   Orc:2: 1047 daAuts
    D:12: 1026 daAuts
  Lair:4: 1024 daAuts
     D:2: 1015 daAuts
  Lair:3: 1007 daAuts
     D:9: 996 daAuts
